 Dungeon Crawl Stone Soup version 0.31.0-32-g396128a36d (webtiles) character file.

Game seed: 10086238287697943441

2 imdaedric the Sneak (level 1, 0/10 HPs)
             Began as a Spriggan Brigand on Apr 24, 2024.
             Frozen to death by an endoplasm (3 damage)
             ... on level 1 of the Dungeon.
             The game lasted 00:00:08 (49 turns).

imdaedric the Sneak (Spriggan Brigand)                Turns: 49, Time: 00:00:09

Health: 0/10       AC:  3    Str:  7    XL:     1   Next: 33%
Magic:  2/2        EV: 13    Int: 12    God:
Gold:   14         SH:  0    Dex: 16    Spells: 0/0 levels left

rFire   . . .        a - +2 dagger
rCold   . . .        (no shield)
rNeg    . . .        b - +0 robe
rPois   .            (helmet restricted)
rElec   .            c - +0 cloak
rCorr   .            (gloves unavailable)
SInv    +            (boots unavailable)
Will    .....        (no amulet)
Stlth   +++          (no ring)
HPRegen 0.21/turn    (no ring)
MPRegen 0.08/turn

%: no passive effects
@: constricted, very quick
A: very small, no large weapons, unfitting armour, see invisible, speed 3
a: no special abilities


You were on level 1 of the Dungeon.
You visited 1 branch of the dungeon, and saw 1 of its levels.

You collected 14 gold pieces.

Inventory:

Hand Weapons
 a - a +2 dagger (weapon)
Missiles
 d - 9 poisoned darts (quivered)
 e - 3 curare-tipped darts
Armour
 b - a +0 robe (worn)
 c - a +0 cloak (worn)


   Skills:
 + Level 1.6 Fighting
 + Level 2.2 Short Blades
 + Level 2.0 Throwing
 + Level 1.5 Dodging
 + Level 5.9 Stealth


You couldn't memorise any spells.
You didn't know any spells.
Your spell library was empty.

Dungeon Overview and Level Annotations

Branches:
Dungeon (1/15)

Altars:


Innate Abilities, Weirdness & Mutations

You are very small and have problems with some larger weapons.
You are too small for most types of armour.
You have supernaturally acute eyesight. (SInv)
You cover ground extremely quickly. (Speed+++)


Message History

You closely miss the quokka. You punch the quokka.
The quokka is lightly wounded.
The quokka completely misses you.
You barely miss the quokka. The quokka misses you.
You hit the quokka but do no damage. The quokka barely misses you.
You barely miss the quokka. The quokka closely misses you.
The ball python misses you. The ball python closely misses you.
The quokka misses you.
You hit the quokka.
The quokka is severely wounded.
The ball python misses you. The ball python closely misses you.
The quokka bites you.
You hit the quokka.
You kill the quokka!
The ball python barely misses you. The ball python misses you.
You hit the goblin.
You kill the goblin!
The ball python bites you. The ball python completely misses you.
You hit the endoplasm.
You punch the endoplasm, but do no damage.
The endoplasm is lightly wounded.
The ball python misses you. The ball python grabs you.
The ball python constricts you. The endoplasm barely misses you.
The ball python bites you. The ball python constricts you.
You barely miss the endoplasm.
The endoplasm is lightly wounded.
The endoplasm barely misses you. The ball python completely misses you.
The ball python constricts you.
* * * LOW HITPOINT WARNING * * *
You hit the endoplasm.
The endoplasm is moderately wounded.
The endoplasm closely misses you. The ball python misses you.
The ball python constricts you.
You hit the endoplasm but do no damage.
The endoplasm is moderately wounded.
The ball python misses you. The ball python constricts you.
* * * LOW HITPOINT WARNING * * *
The endoplasm freezes you.
You are frozen.
You die...

.B....# .....# ... ###
....#... . ..# ...#... b.
#.# ..#..##.# ##.###
#.#.... .... ##S##.#######
#### ##..### #.@J.........
...####.....#+####........#
......##..#.....#.........#
⌠...............+.........#
...⌠...##.......#.........#
.......(#.......'.........#
....⌠...#.......##........#
.≈.....<#.......##........#
....⌠...#....>.###........#


You could see an endoplasm and a ball python.

Vanquished Creatures
  A goblin (D:1)
  A quokka (D:1)
2 creatures vanquished.

Notes
Turn   | Place    | Note
-------+----------+-------------------------------------------
     0 | D:1      | imdaedric the Spriggan Brigand began the quest for the Orb.
     0 | D:1      | Reached XP level 1. HP: 10/10 MP: 2/2
    49 | D:1      | Frozen to death by an endoplasm

Illustrated notes

Levels and vault maps discovered:
D:1:      dpeg_arrival_stone_temple_mockup, layout_basic, serial_rivers,
          chequers_serial_rivers_small_a, chequers_serial_rivers_micro_e,
          chequers_serial_rivers_micro_d, chequers_serial_rivers_micro_c,
          chequers_serial_rivers_large_a, chequers_serial_rivers_small_b,
          serial_shops, shop

Action                     || total
---------------------------++-------
  Melee: Dagger            ||    14
         Punch             ||     2
 Armour: Robe              ||     5
  Dodge: Dodged            ||    21
